 Dungeon Crawl Stone Soup version 0.28.0-53-g5a82cb258f (webtiles) character file.

Game seed: 11645312843049043862

1199 bnorton916 the Magician (level 8, -5/41 HPs)
             Began as a Deep Elf Fire Elementalist on July 11, 2022.
             Was an Initiate of Gozag.
             Slain by an ogre
             ... wielding a +0 giant club
              (7 damage)
             ... on level 6 of the Dungeon.
             The game lasted 00:07:59 (8738 turns).

bnorton916 the Magician (DEFE)                      Turns: 8738, Time: 00:08:00

Health: -5/41      AC:  4    Str:  5    XL:     8   Next: 20%
Magic:  11/19      EV: 12    Int: 23    God:    Gozag
Gold:   404        SH:  0    Dex: 15    Spells: 3/19 levels left

rFire   . . .      SeeInvis .   (no weapon)
rCold   + . .      Faith    .   (no shield)
rNeg    . . .      Spirit   .   a - +0 robe
rPois   .          Reflect  .   (no helmet)
rElec   .          Harm     .   (no cloak)
rCorr   .          Rampage  .   n - +0 pair of gloves
Will    .....                   f - +0 pair of boots
Stlth   ++........              (no amulet)
HPRegen 0.13/turn               m - ring of protection from cold
MPRegen 0.16/turn               (no ring)

@: gold aura
A: no striking features
a: Renounce Religion, Potion Petition, Call Merchant, Bribe Branch


You were on level 6 of the Dungeon.
You worshipped Gozag.
Gozag was aware of your devotion.
You visited 2 branches of the dungeon, and saw 7 of its levels.

You collected 455 gold pieces.
You paid 51 gold pieces to Gozag.

Inventory:

Missiles
 b - 5 poisoned darts
 h - 108 stones
Armour
 a - a +0 robe (worn)
 f - a +0 pair of boots (worn)
 n - a +0 pair of gloves (worn)
Jewellery
 m - a ring of protection from cold (left hand)
Scrolls
 c - 3 scrolls of identify
 j - a scroll of enchant weapon {unknown}
 p - a scroll of torment
 r - a scroll of teleportation
 s - a scroll of blinking {unknown}
Potions
 d - a potion of heal wounds
 e - 2 potions of flight {unknown}
 g - a potion of lignification
 i - a potion of resistance
 k - a potion of berserk rage
 l - 2 potions of cancellation
 o - 2 potions of curing {unknown}
 q - a potion of haste {unknown}
 t - a potion of might {unknown}


   Skills:
 - Level 2.4 Dodging
 - Level 2.4 Stealth
 + Level 6.4 Spellcasting
 + Level 4.8 Conjurations
 + Level 3.4 Transmutations
 + Level 5.8 Fire Magic
 - Level 3.0 Air Magic
 - Level 4.0 Poison Magic


You had 3 spell levels left.
You knew the following spells:

 Your Spells              Type           Power      Damage    Failure   Level
a - Foxfire               Conj/Fire      100%       2x1d9     1%          1
b - Scorch                Fire           68%        2d8       1%          2
c - Conjure Flame         Conj/Fire      32%        6-21      2%          3
d - Mephitic Cloud        Conj/Pois/Air  25%        N/A       4%          3
e - Ignite Poison         Fire/Tmut/Pois 27%        N/A       4%          3
f - Flame Wave            Conj/Fire      32%        2d8       9%          4

Your spell library contained the following spells:

 Spells                   Type           Power      Damage    Failure   Level
 Magic Dart               Conj           100%       1d8       1%          1
 Poisonous Vapours        Pois/Air       46%        N/A       3%          2
 Corpse Rot               Necr/Air       28%        N/A       7%          2
 Inner Flame              Hex/Fire       20%        N/A       8%          3
 Call Imp                 Summ           7%         N/A       12%         2
 Freezing Cloud           Conj/Ice/Air   9%         6-21      61%         5
 Passage of Golubria      Tloc           7%         N/A       63%         4
 Silence                  Hex/Air        7%         N/A       77%         5
 Lehudib's Crystal Spear  Conj/Erth      9%         10d4      100%        8


Dungeon Overview and Level Annotations

Branches:
Dungeon (6/15)             Temple (1/1) D:4

Altars:
Ashenzari
Cheibriados
Dithmenos
Elyvilon
Fedhas
Gozag
Hepliaklqana
Makhleb
Nemelex Xobeh
Okawaru
Qazlal
Ru
Sif Muna
Trog
Uskayaw
Vehumet
Wu Jian
Xom
Yredelemnul
Zin
The Shining One


Message History

You conjure some foxfire!
The foxfire hits the bullfrog zombie.
The bullfrog zombie is moderately damaged.
The foxfire hits the bullfrog zombie!
The bullfrog zombie is severely damaged.
Casting: Foxfire (safe; 1% risk of failure)
Confirm with . or Enter, or press ? or * to list all spells.
Flames lash the bullfrog zombie.
The bullfrog zombie is almost destroyed.
The bullfrog zombie's fire resistance burns away.
You hear a shout!
The bullfrog zombie hits you. The bullfrog zombie barely misses you.
The bullfrog zombie hits you.
Casting: Scorch (safe; 1% risk of failure)
Confirm with . or Enter, or press ? or * to list all spells.
Flames lash the bullfrog zombie.
The bullfrog zombie is burned terribly!
You destroy the bullfrog zombie!
Unknown command.
There is a stone staircase leading up here.
Casting: Scorch (safe; 1% risk of failure)
Confirm with . or Enter, or press ? or * to list all spells.
Flames lash the ogre.
The ogre is moderately wounded.
The ogre's fire resistance burns away.
You hear a shout! x2
The ogre hits you with a +0 giant club!!
Ouch! That really hurt!
* * * LOW HITPOINT WARNING * * *
Unknown command.
You feel much better.
Casting: Scorch (safe; 1% risk of failure)
Confirm with . or Enter, or press ? or * to list all spells.
Flames lash the ogre.
The ogre is burned terribly!
The ogre is severely wounded.
The ogre hits you with a +0 giant club!!
Ouch! That really hurt!
* * * LOW HITPOINT WARNING * * *
The ogre hits you with a +0 giant club!
You die...
Your body crumbles into a pile of gold.

# #. ###########
.##.###...@#....#
.......$..O.....#
.(.........(...##
...................
...###..######+##.<
.. #..# .
...............
..........O....
...............


You could see an ogre (combustible).

Vanquished Creatures
  Prince Ribbit (D:5)
  A black bear (D:5)
  2 sky beasts (D:5)
  2 necrophages (D:5)
  2 ogres (D:5)
  A phantom (D:5)
  A bullfrog zombie (D:6)
  A hound (D:4)
  A bullfrog skeleton (D:5)
  A centaur skeleton (D:5)
  2 orc wizards (D:5)
  A scorpion zombie (D:5)
  A hound zombie (D:5)
  A hound skeleton (D:5)
  2 adders
  4 worms
  2 dart slugs
  6 orcs
  10 bats
  12 endoplasms
  2 giant cockroaches (D:4)
  5 goblins
  5 hobgoblins
  2 jackals (D:3)
  4 kobolds
  A quokka (D:2)
  4 ball pythons
  2 frilled lizards (D:2)
  A goblin zombie (D:5)
  A quokka zombie (D:5)
  5 rats
86 creatures vanquished.

Vanquished Creatures (others)
  392 foxfires
392 creatures vanquished.

Grand Total: 478 creatures vanquished

Notes
Turn   | Place    | Note
-------+----------+-------------------------------------------
     0 | D:1      | bnorton916 the Deep Elf Fire Elementalist began the quest
                  | for the Orb.
     0 | D:1      | Reached XP level 1. HP: 10/10 MP: 6/6
   225 | D:1      | Found a faded altar of an unknown god.
   429 | D:1      | Reached XP level 2. HP: 15/15 MP: 4/8
  1046 | D:1      | Learned a level 2 spell: Scorch
  1242 | D:2      | Reached XP level 3. HP: 8/19 MP: 0/10
  2327 | D:2      | Reached skill level 4 in Spellcasting
  2717 | D:2      | Learned a level 3 spell: Mephitic Cloud
  2990 | D:3      | Reached XP level 4. HP: 24/24 MP: 9/12
  4501 | D:4      | Reached skill level 1 in Air Magic
  4501 | D:4      | Reached skill level 1 in Poison Magic
  4547 | D:4      | Learned a level 3 spell: Conjure Flame
  4978 | D:4      | Found a staircase to the Ecumenical Temple.
  4988 | Temple   | Entered the Ecumenical Temple
  5200 | Temple   | Became a worshipper of Gozag Ym Sagoz the Greedy
  5435 | D:4      | Reached XP level 5. HP: 28/28 MP: 11/13
  5859 | D:5      | Entered Level 5 of the Dungeon
  5949 | D:5      | Noticed a phantom
  6116 | D:5      | Noticed an ogre
  6482 | D:5      | Noticed Prince Ribbit
  6487 | D:5      | Noticed an ogre
  7070 | D:5      | Learned a level 3 spell: Ignite Poison
  7075 | D:5      | Noticed a necrophage
  7083 | D:5      | Killed an ogre
  7084 | D:5      | Reached XP level 6. HP: 32/32 MP: 8/15
  7329 | D:5      | Reached skill level 5 in Spellcasting
  7329 | D:5      | Reached skill level 1 in Transmutations
  7556 | D:5      | Reached skill level 5 in Fire Magic
  7556 | D:5      | Reached XP level 7. HP: 33/36 MP: 5/17
  7848 | D:5      | Killed Prince Ribbit
  7849 | D:5      | Reached skill level 6 in Spellcasting
  8194 | D:5      | Reached XP level 8. HP: 31/41 MP: 11/19
  8402 | D:5      | Learned a level 4 spell: Flame Wave
  8735 | D:6      | HP: 1/41 [ogre/+0 giant club (30)]
  8738 | D:6      | Slain by an ogre

Illustrated notes

Levels and vault maps discovered:
D:1:      lightli_arrival_maybe_door_vault, layout_basic,
          chequers_ecumenical_altar_simple
D:2:      minmay_recursive_quarters, layout_basic, minmay_pentomino_pile
D:3:      layout_loops_corners, hangedman_decor_growths, minmay_misc_feat_alley
D:4:      layout_loops_cross, minmay_temple_entry_antechambers
D:5:      layout_cave_pools, enter_ossuary_4, grunt_decor_arrowhead,
          minmay_pentangle, uniq_prince_ribbit1
D:6:      cheibrodos_fzero, layout_gridville, uniq_edmund, uniq_menkaure
Temple:   minmay_crystal_snake_temple

Skill      XL: |  1  2  3  4  5  6  7  8 |
---------------+-------------------------+-----
Conjurations   | 2 3 4 |  4.8
Spellcasting   | 4 5 6 |  6.4
Fire Magic     | 4 5 |  5.8
Air Magic      | 1 2 3 |  3.0
Poison Magic   | 1 2 3 4 |  4.0
Transmutations | 2 3 |  3.4
Dodging        | |  2.4
Stealth        | |  2.4

Action                   |  1- 3 |  4- 6 |  7- 9 || total
-------------------------+-------+-------+-------++-------
 Cast: Foxfire           |   117 |    92 |    25 ||   234
       Scorch            |     5 |    28 |    19 ||    52
       Conjure Flame     |       |     1 |       ||     1
       Mephitic Cloud    |       |     1 |       ||     1
  Use: Scroll            |       |    10 |       ||    10
       Potion            |       |       |     1 ||     1
Armor: Robe              |     2 |    16 |     5 ||    23
Dodge: Dodged            |    16 |    30 |     9 ||    55
